 Dungeon Sprint DCSS version 0.29-a0-284-gf9362112df (webtiles) character file.

Game seed: 1368391341984251562

175089 mhtbhm the Conqueror (level 17, -2/139 HPs)
             Began as a Gargoyle Berserker on Mar 27, 2022.
             Was the Champion of Trog.
             Slain by a shadow wraith (17 damage)
             ... summoned by a mummy priest
             ... in the Dungeon (Sprint III: "The Ten Rune Challenge").
             The game lasted 00:29:57 (17161 turns).

mhtbhm the Conqueror (Gargoyle Berserker)          Turns: 17161, Time: 00:29:58

Health: -2/139     AC: 33    Str: 27    XL:     17   Next: 46%
Magic:  18/18      EV: 10    Int: 17    God:    Trog [******]
Gold:   1326       SH:  0    Dex: 11    Spells: 16/16 levels left

rFire   + + +      SeeInvis .   D - +7 morningstar of Untimely Demise {vamp, rElec}
rCold   + . .      Faith    .   J - +2 tower shield {reflect}
rNeg    + . .      Spirit   .   b - +2 chain mail {rF+}
rPois   ∞          Reflect  +   E - +0 hat {Stlth+}
rElec   +          Harm     .   I - scarf {rC+ rF+}
rCorr   +          Rampage  .   O - +0 pair of gloves {Str+3}
Will    +++..      NoTele   +   (no boots)
Stlth   +++.......              A - amulet of Nuicuwk {Reflect rPois rCorr Int-5 SH+5}
HPRegen 1.33/turn               G - ring of Salvation {Fly Int+6}
MPRegen 0.16/turn               M - ring of Gemagut {rF+ EV+4 Int+5}

@: strong-willed, on berserk cooldown, flying, held, regenerating, slowed,
studying 2 skills, very slow
A: sickness immunity, AC +12, big wings, negative energy resistance 1,
electricity resistance, torment resistance 1, petrification resistance,
camouflage 1, agile 1, deterioration 1, fire resistance 1, high MP 1, weak 1,
subdued magic 1
}: 2/10 runes: serpentine, barnacled
a: Renounce Religion, Berserk, Trog's Hand, Brothers in Arms


You were in the Dungeon.
You worshipped Trog.
Trog was exalted by your worship.
You visited 1 branch You collected 4843 gold pieces.
You spent 3517 gold pieces at shops.

Inventory:

Hand Weapons
 a - a +7 vorpal dire flail
 q - a +2 vorpal morningstar
 s - a +1 demon whip of venom
 B - a +1 great mace of holy wrath
 D - the +7 morningstar of Untimely Demise (weapon) {vamp, rElec}
   (You bought it in a shop in the Dungeon)

   It occasionally heals its wielder for a portion of the damage dealt when it
   wounds a living foe.
   rElec:     It insulates you from electricity.
Missiles
 d - 19 silver javelins
 p - 6 javelins
 r - 4 curare-tipped darts (quivered)
Armour
 b - a +2 chain mail of fire resistance (worn)
 E - a +0 hat of stealth (worn)
 I - a scarf of resistance (worn)
 J - a +2 tower shield of reflection (worn)
 O - a +0 pair of gloves of strength (worn)
Jewellery
 A - the amulet of Nuicuwk (around neck) {Reflect rPois rCorr Int-5 SH+5}
   (You found it in the Dungeon)

   [amulet of reflection]

   It reflects blocked missile attacks.
   Int:       It affects your intelligence (-5).
   rPois:     It protects you from poison.
   rCorr:     It protects you from acid and corrosion.
   SH:        It affects your SH (+5).
 G - the ring of Salvation (left hand) {Fly Int+6}
   (You found it in the Dungeon)

   [ring of flight]

   Int:       It affects your intelligence (+6).
   Fly:       It grants you flight.
 K - a ring of protection from fire
 M - the ring of Gemagut (right hand) {rF+ EV+4 Int+5}
   (You found it in the Dungeon)

   [ring of evasion]

   EV:        It affects your evasion (+4).
   Int:       It affects your intelligence (+5).
   rF:        It protects you from fire.
 N - an amulet of the acrobat
Wands
 x - a wand of paralysis (6)
 H - a wand of mindburst (23)
 R - a wand of acid (1)
Scrolls
 i - 4 scrolls of torment
 j - 3 scrolls of identify
 t - a scroll of enchant weapon
 w - 4 scrolls of enchant armour
 y - a scroll of fog
 L - 2 scrolls of silence
Potions
 c - 5 potions of curing
 e - 2 potions of haste
 f - 2 potions of magic
 g - 2 potions of berserk rage
 k - a potion of ambrosia
 m - 2 potions of flight
 n - 2 potions of might
 u - 3 potions of resistance
 C - a potion of invisibility
Miscellaneous
 o - a phial of floods
 z - a tin of tremorstones (1/2)
 P - a lightning rod (4/4)


   Skills:
 O Level 27 Fighting
 O Level 27 Maces & Flails
 + Level 5.6 Throwing
 + Level 24.7 Armour
 + Level 13.3 Dodging
 + Level 9.7 Stealth
 + Level 17.1 Shields
 + Level 5.8 Evocations


You had 16 spell levels left.
You didn't know any spells.
Your spell library was empty.

Dungeon Overview and Level Annotations

Branches:
Dungeon (1/1)

Altars:
Cheibriados
Dithmenos
Elyvilon
Fedhas
Gozag
Hepliaklqana
Kikubaaqudgha
Makhleb
Nemelex Xobeh
Okawaru
Qazlal
Ru
Sif Muna
Trog
Uskayaw
Vehumet
Wu Jian
Xom
Yredelemnul
Zin
The Shining One
Beogh
Jiyva
Lugonu

Shops:
D :!((:?[[!![[:?[!*!=(?:(


Innate Abilities, Weirdness & Mutations

You are immune to sickness and miasma.
Your stone body is resilient. (AC +12)
You are immune to poison.
Your large and strong wings let you fly.
You resist negative energy. (rN+)
You are resistant to electric shocks. (rElec)
You are resistant to unholy torment.
You are immune to petrification.
Your skin changes colour to match your surroundings (Stealth+).
You are agile. (Dex +2)
Your body sometimes deteriorates upon taking damage.
Your flesh is heat resistant. (rF+)
You have an increased reservoir of magic. (+10% MP)
You are weak. (Str -2)
Your spells are a little easier to cast, but a little less powerful.


Message History

You crush the royal mummy like a grape!!!
You destroy the royal mummy!
Trog accepts your kill.
Trog appreciates your killing of a magic user.
The death scarab disappears in a puff of smoke! x6
You feel extremely nervous for a moment...
You feel a surge of unholy energy.
Your tin of tremorstones (1/2) has regained one charge.
Your Shields skill increases to level 17!
Unknown command.
You feel a strong urge to attack something.
Something closely misses you.
You feel your anger nearly subside.
You are no longer berserk.
You are exhausted.
You feel as though you will be slow longer.
Something hits you but does no damage.
Deactivating autopickup; reactivate with Ctrl-A.
The phantasmal warrior gestures at you.
The phantasmal warrior blinks!
Something hits you but does no damage.
The phantasmal warrior closely misses you.
You see here a +2 vorpal morningstar.
You feel better. You block the quokka skeleton's attack.
Something launches a net on you.
You become entangled in the net!
The phantasmal warrior hits you but does no damage.
Your stone giant goes berserk!
Something hits you but does no damage. The quokka skeleton closely misses you.
Something hits you but does no damage.
The phantasmal warrior hits you but does no damage.
Something hits you but does no damage.
The quokka skeleton bites you but does no damage.
The phantasmal warrior hits you but does no damage.
Something hits you but does no damage.
Unknown command.
You feel better.
Your stone giant hits the phantasmal warrior.
The mummy priest invokes the aid of its god against you.
Something smites you!
* * * LOW HITPOINT WARNING * * *
The quokka skeleton barely misses you. Something hits you!
You die...

.§#.▓..#..............#
.≈#.▓..#.^##########..#
#'##▓..#.^#.....):?#..#
#...▓..#..#....B}})#..#
###.▓..#^.#W..BMB}}#..#
..).▓..#..#§§..MB}[#..#
'###▓..#..#'########..#
.[≈.▓..#).#.M..Z{C....#
≈.≈.▓..'..#...W.@W....#
≈.≈.▓##################
≈...▓******************
'###▓,+,^,,*,,+,,,*,,,*
#.#,*,*,,,,*,**,,,*,^,*
.#.#*,*^,^,*,,*≈≈≈*,,,*
#.#.▓,****+**,*≈≈≈*,*,*
▓▓▓▓▓,*,,,,*,,*,,,*,*,*
..▓.+,*,,,,*,**,,,*,*,*


You could see a mummy priest, a phantasmal warrior (summoned, ally target), a
freezing wraith (summoned), a quokka skeleton (summoned) and a friendly stone
giant (summoned, berserk).

Vanquished Creatures
  Mara (D)
  Mennas (D)
  A royal mummy (D)
  Boris (D)
  A lich (D)
  Rupert (D)
  3 deep elf blademasters (D)
  Gastronok (D)
  An ancient champion (D)
  Harold (D)
  2 sphinxes (D)
  Chuck (D)
  A storm dragon (D)
  An Executioner (D)
  A draconian knight (D)
  Roxanne (D)
  A nagaraja (D)
  Azrael (D)
  2 vampire knights (D)
  2 dire elephants (D)
  3 deep elf annihilators (D)
  A yellow draconian (D)
  9 mummy priests (D)
  5 yaktaur captains (D)
  A deep elf death mage (D)
  A fire dragon (D)
  An ettin (shapeshifter) (D)
  A naga warrior (D)
  A deep elf high priest (D)
  2 hydras (D)
  A vault guard (D)
  2 hell beasts (D)
  Erolcha (D)
  6 anacondas (D)
  A centaur warrior (D)
  2 alligator snapping turtles (D)
  4 death yaks (D)
  4 dancing weapons (D)
  3 orc high priests (D)
  2 soul eaters (D)
  Urug (D)
  7 skeletal warriors (D)
  3 deep elf knights (D)
  2 sun demons (D)
  A shadow wraith (D)
  A death drake (D)
  3 golden dragon zombies (D)
  A spectral iron dragon (D)
  A glowing orange brain (shapeshifter) (D)
  A glowing orange brain (D)
  An orange crystal statue (D)
  An orc knight (D)
  Joseph (D)
  A lindwurm (D)
  2 deep elf zephyrmancers (D)
  4 deep elf pyromancers (D)
  4 ugly things (D)
  2 oklob plants (D)
  A shining eye (D)
  4 crystal guardians (D)
  7 black mambas (D)
  A guardian serpent (D)
  2 stone giant skeletons (D)
  A molten gargoyle (D)
  An iron troll simulacrum (D)
  8 statues (D)
  2 cane toads (D)
  2 elephants (D)
  2 yaktaurs (D)
  An anaconda simulacrum (D)
  2 ice devils (D)
  A rime drake (D)
  A komodo dragon (D)
  16 guardian mummies (D)
  4 spriggan defenders (D)
  A queen bee (D)
  3 wandering mushrooms (D)
  2 tyrant leeches (D)
  3 hornets (D)
  4 slime creatures (D)
  8 blink frogs (D)
  3 snapping turtles (D)
  A shadow (D)
  A golden eye (D)
  A redback (shapeshifter) (D)
  A spatial vortex (D)
  5 redbacks (D)
  2 nagas (D)
  A floating eye (shapeshifter) (D)
  2 floating eyes (D)
  2 orc warriors (D)
  A swamp drake (D)
  5 two-headed ogres (D)
  A necrophage (D)
  A water elemental (D)
  32 killer bees (D)
  3 electric eels (D)
  A jelly (D)
  3 orc priests (D)
  A wizard (D)
  A necromancer (D)
  4 orc wizards (D)
  3 humans (D)
  A kobold demonologist (D)
  A wolf (D)
  5 adders (D)
  10 orcs (D)
  An endoplasm (D)
  3 rats (D)
  A tentacle (D)
287 creatures vanquished.

Vanquished Creatures (collateral kills)
  Sojobo (D)
  A kraken (D)
  A snapping turtle (D)
  3 tentacles (D)
6 creatures vanquished.

Vanquished Creatures (others)
  Nikola (D)
  Nessos (D)
  A yaktaur (D)
  An electric eel (D)
  2 ball lightnings (D)
  6 ballistomycete spores (D)
  A bush (D)
  52 plants (D)
  4 tentacles (D)
69 creatures vanquished.

Grand Total: 362 creatures vanquished

Notes
Turn   | Place    | Note
-------+----------+-------------------------------------------
     0 | D        | mhtbhm the Gargoyle Berserker began the quest for the Orb.
     0 | D        | Reached XP level 1. HP: 14/14 MP: 1/1
   148 | D        | Reached ** piety under Trog
   270 | D        | Noticed a wolf
   273 | D        | Killed a wolf
   274 | D        | Reached XP level 2. HP: 20/20 MP: 2/2
   281 | D        | Reached skill level 5 in Fighting
   281 | D        | Reached skill level 5 in Maces & Flails
   281 | D        | Reached XP level 3. HP: 26/26 MP: 3/3
   301 | D        | Gained mutation: Armour fits poorly on your strangely
                  | shaped body. [potion of mutation]
   301 | D        | Gained mutation: You have sharp toenails. [potion of
                  | mutation]
   302 | D        | Lost mutation: You have sharp toenails. [potion of
                  | mutation]
   302 | D        | Lost mutation: Armour fits poorly on your strangely shaped
                  | body. [potion of mutation]
   302 | D        | Gained mutation: Your spells are a little easier to cast,
                  | but a little less powerful. [potion of mutation]
   302 | D        | Gained mutation: You are agile. (Dex +2) [potion of
                  | mutation]
   302 | D        | Gained mutation: You have hidden genetic defects. [potion
                  | of mutation]
   303 | D        | Lost mutation: Your spells are a little easier to cast, but
                  | a little less powerful. [potion of mutation]
   303 | D        | Lost mutation: You are agile. (Dex +2) [potion of mutation]
   303 | D        | Lost mutation: You have hidden genetic defects. [potion of
                  | mutation]
   303 | D        | Gained mutation: Your body sometimes deteriorates upon
                  | taking damage. [potion of mutation]
   303 | D        | Gained mutation: You are partially covered in iridescent
                  | scales. (AC +2) [potion of mutation]
   304 | D        | Lost mutation: Your body sometimes deteriorates upon taking
                  | damage. [potion of mutation]
   304 | D        | Lost mutation: You are partially covered in iridescent
                  | scales. (AC +2) [potion of mutation]
   304 | D        | Gained mutation: Your skin changes colour to match your
                  | surroundings (Stealth+). [potion of mutation]
   304 | D        | Gained mutation: Your flesh is heat resistant. (rF+)
                  | [potion of mutation]
   331 | D        | Noticed a water elemental
   335 | D        | Killed a water elemental
   335 | D        | Reached *** piety under Trog
   336 | D        | Reached XP level 4. HP: 32/32 MP: 4/4
   430 | D        | Found a radiant altar of Vehumet.
   430 | D        | Found a shimmering blue altar of Sif Muna.
   430 | D        | Found an ancient bone altar of Kikubaaqudgha.
   430 | D        | Noticed a wizard
   433 | D        | Killed a wizard
   434 | D        | Reached XP level 5. HP: 37/37 MP: 5/5
   483 | D        | Found a basalt altar of Yredelemnul.
   483 | D        | Found a shadowy altar of Dithmenos.
   483 | D        | Found a sacrificial altar of Ru.
   489 | D        | Reached **** piety under Trog
   504 | D        | Reached skill level 5 in Armour
   574 | D        | Found a glowing silver altar of Zin.
   574 | D        | Found a glowing golden altar of the Shining One.
   574 | D        | Found a white marble altar of Elyvilon.
   575 | D        | Noticed a deep elf pyromancer
   582 | D        | Killed a deep elf pyromancer
   583 | D        | Reached skill level 10 in Fighting
   583 | D        | Reached skill level 10 in Maces & Flails
   583 | D        | Reached skill level 1 in Stealth
   583 | D        | Reached XP level 6. HP: 48/48 MP: 6/6
   583 | D        | Reached XP level 7. HP: 53/53 MP: 7/7
   634 | D        | Found a hide-covered altar of Uskayaw.
   634 | D        | Found an iron altar of Okawaru.
   634 | D        | Found a bloodstained altar of Trog.
   634 | D        | Found an ornate altar of the Wu Jian Council.
   634 | D        | Noticed a human
   635 | D        | Noticed a human
   638 | D        | Killed a human
   647 | D        | Killed a human
   648 | D        | Reached XP level 8. HP: 60/60 MP: 8/8
   696 | D        | Noticed a shadow
   705 | D        | Killed a shadow
   705 | D        | Reached ***** piety under Trog
   706 | D        | Reached skill level 5 in Dodging
   999 | D        | Found a blossoming altar of Fedhas.
   999 | D        | Found a stormy altar of Qazlal.
   999 | D        | Found a snail-covered altar of Cheibriados.
   999 | D        | Found a burning altar of Makhleb.
   999 | D        | Found a shimmering altar of Xom.
  1000 | D        | Found a hazy altar of Hepliaklqana.
  1000 | D        | Found an opulent altar of Gozag.
  1000 | D        | Found a sparkling altar of Nemelex Xobeh.
  1000 | D        | Found a corrupted altar of Lugonu.
  1000 | D        | Found a viscous altar of Jiyva.
  1264 | D        | Received a gift from Trog
  1365 | D        | Noticed a two-headed ogre
  1374 | D        | Killed a two-headed ogre
  1375 | D        | Reached XP level 9. HP: 45/65 MP: 9/9
  1541 | D        | Noticed a two-headed ogre
  1541 | D        | Noticed Erolcha
  1554 | D        | Killed a two-headed ogre
  1559 | D        | Killed Erolcha
  1560 | D        | Reached skill level 10 in Armour
  1848 | D        | Noticed a wandering mushroom
  1852 | D        | Noticed a wandering mushroom
  1854 | D        | Noticed a wandering mushroom
  1858 | D        | Killed a wandering mushroom
  1865 | D        | Killed a wandering mushroom
  1866 | D        | Reached skill level 15 in Maces & Flails
  1870 | D        | Killed a wandering mushroom
  1870 | D        | Received a gift from Trog
  1871 | D        | Reached XP level 10. HP: 47/73 MP: 10/10
  1992 | D        | Noticed a cane toad
  1992 | D        | Noticed a cane toad
  2006 | D        | Killed a cane toad
  2010 | D        | Killed a cane toad
  2195 | D        | Noticed a lindwurm
  2201 | D        | Killed a lindwurm
  2203 | D        | Reached ****** piety under Trog
  2275 | D        | Received a gift from Trog
  2276 | D        | Noticed Urug
  2282 | D        | Killed Urug
  2403 | D        | Noticed a four-headed hydra
  2403 | D        | Noticed a seven-headed hydra
  2414 | D        | Killed a seven-headed hydra
  2415 | D        | Reached skill level 15 in Fighting
  2415 | D        | Reached XP level 11. HP: 64/81 MP: 11/11
  2418 | D        | Killed a four-headed hydra
  2584 | D        | Noticed a death drake
  2602 | D        | Killed a death drake
  2744 | D        | Found Sam Ynuo's Weapon Shoppe.
  2744 | D        | Noticed an orc high priest
  2760 | D        | Received a gift from Trog
  2765 | D        | Killed an orc high priest
  2766 | D        | Reached skill level 5 in Stealth
  2785 | D        | Received a gift from Trog
  2813 | D        | Received a gift from Trog
  2995 | D        | Noticed a deep elf zephyrmancer
  2995 | D        | Noticed a deep elf pyromancer
  2995 | D        | Noticed a deep elf zephyrmancer
  2995 | D        | Noticed a deep elf knight
  2995 | D        | Noticed a deep elf pyromancer
  3004 | D        | Killed a deep elf knight
  3006 | D        | Killed a deep elf pyromancer
  3007 | D        | Noticed a deep elf annihilator
  3008 | D        | Killed a deep elf zephyrmancer
  3008 | D        | Received a gift from Trog
  3009 | D        | Reached skill level 1 in Evocations
  3010 | D        | Noticed a deep elf high priest
  3013 | D        | Killed a deep elf zephyrmancer
  3015 | D        | Noticed a deep elf blademaster
  3018 | D        | Noticed a deep elf annihilator
  3023 | D        | Killed a deep elf pyromancer
  3268 | D        | Received a gift from Trog
  3289 | D        | Received a gift from Trog
  3304 | D        | Received a gift from Trog
  3327 | D        | Received a gift from Trog
  3345 | D        | Reached XP level 12. HP: 26/90 MP: 12/12
  3593 | D        | Noticed Harold
  3593 | D        | Noticed Joseph
  3601 | D        | Killed Harold
  3613 | D        | Killed Joseph
  3613 | D        | Received a gift from Trog
  3648 | D        | Noticed a yaktaur captain
  4000 | D        | Noticed a yaktaur captain
  4127 | D        | Found Dixagi's Distillery.
  4127 | D        | Found Peub Ehe's Weapon Shop.
  4127 | D        | Found Emitarac's Antique Weapon Shoppe.
  4127 | D        | Found Piohacyte's General Store.
  4127 | D        | Found Oray's Jewellery Emporium.
  4127 | D        | Found Ruewuf's Book Shop.
  4127 | D        | Found Plog's Magic Scroll Emporium.
  4128 | D        | Found Qukhi's Distillery.
  4128 | D        | Found Wonom's Antique Armour Shoppe.
  4128 | D        | Found Diqitihi's Magic Scroll Shop.
  4128 | D        | Found Wikem's Book Emporium.
  4176 | D        | Bought a scroll of magic mapping for 35 gold pieces
  4178 | D        | Bought a scroll of enchant weapon for 82 gold pieces
  4180 | D        | Bought a potion of curing for 42 gold pieces
  4180 | D        | Bought a potion of heal wounds for 70 gold pieces
  4180 | D        | Bought a potion of resistance for 140 gold pieces
  4183 | D        | Bought a potion of experience for 500 gold pieces
  4183 | D        | Bought a potion of heal wounds for 50 gold pieces
  4183 | D        | Bought a potion of heal wounds for 50 gold pieces
  4183 | D        | Bought a potion of haste for 100 gold pieces
  4183 | D        | Bought a potion of resistance for 100 gold pieces
  4183 | D        | Bought a potion of resistance for 100 gold pieces
  4183 | D        | Bought a potion of heal wounds for 50 gold pieces
  4191 | D        | Bought a scroll of enchant armour for 90 gold pieces
  4194 | D        | Bought a runed demon whip for 504 gold pieces
  4222 | D        | Received a gift from Trog
  4387 | D        | Noticed a centaur warrior
  4393 | D        | Killed a centaur warrior
  4694 | D        | Noticed a fire dragon
  4702 | D        | Killed a fire dragon
  4763 | D        | Noticed an anaconda
  4766 | D        | Noticed a spark wasp
  4768 | D        | Noticed a five-headed hydra
  4768 | D        | a spark wasp changed into a five-headed hydra
  4771 | D        | Noticed a broodmother
  4771 | D        | a five-headed hydra changed into a broodmother
  4772 | D        | Identified the +4 dire flail "Peserph" {flame, *Rage rPois
                  | rC- SInv} (Trog gifted it to you in the Dungeon)
  4772 | D        | Received a gift from Trog
  4772 | D        | Noticed an ettin
  4772 | D        | a broodmother changed into an ettin
  4773 | D        | Reached skill level 1 in Throwing
  4775 | D        | Killed an ettin
  4776 | D        | Reached skill level 15 in Armour
  5006 | D        | Identified the +4 morningstar of World Downfall {drain,
                  | Fragile Int+6}
  5076 | D        | Noticed a yaktaur captain
  5132 | D        | Killed a yaktaur captain
  5132 | D        | Received a gift from Trog
  5133 | D        | Reached XP level 13. HP: 62/100 MP: 13/13
  5455 | D        | Noticed an ancient lich
  5474 | D        | Identified the amulet of Nuicuwk {Reflect rPois rCorr Int-5
                  | SH+5}
  5710 | D        | Received a gift from Trog
  6085 | D        | Noticed a deep elf blademaster
  6099 | D        | Killed a deep elf blademaster
  6100 | D        | Reached skill level 1 in Shields
  6400 | D        | Noticed Rupert
  6408 | D        | Killed Rupert
  6408 | D        | Received a gift from Trog
  6499 | D        | Received a gift from Trog
  6605 | D        | Noticed an azure jelly
  6605 | D        | Noticed an azure jelly
  6747 | D        | Received a gift from Trog
  6787 | D        | Gained mutation: Your large and strong wings let you fly.
                  | [Gargoyle growth]
  6787 | D        | Reached XP level 14. HP: 70/112 MP: 14/14
  6792 | D        | Received a gift from Trog
  7065 | D        | Reached skill level 5 in Shields
  7223 | D        | Noticed a nagaraja
  7226 | D        | Found Lodd's Book Boutique.
  7226 | D        | Found Mypt's Distillery.
  7244 | D        | Killed a nagaraja
  7244 | D        | Received a gift from Trog
  7247 | D        | Found Zepo's Antique Weapon Shop.
  7255 | D        | Bought a potion of curing for 30 gold pieces
  7255 | D        | Bought a potion of invisibility for 80 gold pieces
  7376 | D        | Bought a polished morningstar for 216 gold pieces
  7376 | D        | Identified the +7 morningstar of Untimely Demise {vamp,
                  | rElec} (You bought it in a shop in the Dungeon)
  7389 | D        | Got a serpentine rune of Zot
  7460 | D        | Noticed an azure jelly
  7460 | D        | Noticed an azure jelly
  7490 | D        | Noticed a dire elephant
  7490 | D        | Noticed a dire elephant
  7494 | D        | Noticed Gastronok
  7501 | D        | Killed a dire elephant
  7509 | D        | Killed a dire elephant
  7509 | D        | Received a gift from Trog
  7515 | D        | Killed Gastronok
  7703 | D        | Noticed a kraken
  7733 | D        | Killed a kraken
  8049 | D        | Received a gift from Trog
  8205 | D        | Found Uchehoih's Magic Scroll Shop.
  8205 | D        | Found Erakleg's Book Emporium.
  8205 | D        | Found Aqimac's Antique Armour Boutique.
  8354 | D        | Got a barnacled rune of Zot
  8356 | D        | Bought a scroll of blinking for 90 gold pieces
  8356 | D        | Bought a scroll of enchant armour for 90 gold pieces
  8356 | D        | Bought a scroll of enchant armour for 90 gold pieces
  8358 | D        | Bought a pair of embroidered gloves for 240 gold pieces
  9113 | D        | Noticed Azrael
  9124 | D        | Killed Azrael
  9184 | D        | Acquired 571 gold pieces
  9283 | D        | Received a gift from Trog
  9355 | D        | Noticed Mara
  9374 | D        | Received a gift from Trog
  9375 | D        | Noticed a deep elf blademaster
  9393 | D        | Killed a deep elf blademaster
  9451 | D        | Noticed an Executioner
  9459 | D        | Killed an Executioner
  9790 | D        | Noticed Chuck
 10003 | D        | Killed Chuck
 10007 | D        | Identified the ring of Salvation {Fly Int+6}
 10176 | D        | Noticed Sojobo
 10179 | D        | Paralysed by an air elemental for 1 turns
 10227 | D        | Killed Sojobo
 10228 | D        | Reached skill level 10 in Dodging
 10325 | D        | Noticed a lich
 10334 | D        | Killed a lich
 10335 | D        | Reached XP level 15. HP: 109/124 MP: 15/15
 10798 | D        | Received a gift from Trog
 11090 | D        | Killed a deep elf blademaster
 11104 | D        | Received a gift from Trog
 11141 | D        | Identified the ring of Gemagut {rF+ EV+4 Int+5}
 11446 | D        | Noticed mhtbhm's illusion
 11459 | D        | Killed Mara
 11499 | D        | Noticed Boris
 11500 | D        | Noticed an ancient champion
 11512 | D        | Killed an ancient champion
 11512 | D        | Received a gift from Trog
 11620 | D        | Noticed a storm dragon
 11625 | D        | Killed Boris
 11627 | D        | Noticed Nikola
 11638 | D        | Killed a storm dragon
 11649 | D        | Killed Nikola
 11658 | D        | Received a gift from Trog
 12133 | D        | Reached skill level 27 in Fighting
 12227 | D        | Found Kadiep's Distillery.
 12240 | D        | Received a gift from Trog
 12381 | D        | Found Ahaet's Armour Shoppe.
 12381 | D        | Found Ywug's Armour Shop.
 12381 | D        | Found Fuelo's Distillery.
 12381 | D        | Identified Roxanne's Handbook of Changing
 12381 | D        | Noticed Roxanne
 12409 | D        | Received a gift from Trog
 12629 | D        | Reached skill level 10 in Shields
 12651 | D        | Killed Roxanne
 12651 | D        | Received a gift from Trog
 12722 | D        | Reached skill level 27 in Maces & Flails
 12958 | D        | Bought a potion of haste for 140 gold pieces
 12958 | D        | Bought a potion of might for 56 gold pieces
 12959 | D        | Bought a potion of haste for 110 gold pieces
 12959 | D        | Bought a potion of curing for 33 gold pieces
 12959 | D        | Bought a potion of curing for 33 gold pieces
 12959 | D        | Bought a potion of might for 44 gold pieces
 12965 | D        | Bought a scarf of resistance for 352 gold pieces
 12977 | D        | Found Piunor Upoq's Armour Boutique.
 12982 | D        | Noticed a black draconian knight
 13007 | D        | Received a gift from Trog
 13016 | D        | Killed a black draconian knight
 13213 | D        | Noticed Nessos
 13225 | D        | Killed Nessos
 13226 | D        | Reached XP level 16. HP: 109/133 MP: 16/16
 13507 | D        | Gained mutation: You sometimes lose the ability to read
                  | scrolls when taking damage. [a shining eye]
 13508 | D        | Paralysed by a floating eye for 3 turns
 13510 | D        | Gained mutation: Your spells are a little easier to cast,
                  | but a little less powerful. [a shining eye]
 13514 | D        | Gained mutation: You do not regenerate when monsters are
                  | visible. [a shining eye]
 13516 | D        | Gained mutation: Your body sometimes deteriorates upon
                  | taking damage. [a shining eye]
 13518 | D        | Identified the +3 rapier of Trog's Indignation {vorpal,
                  | *Slow rElec rC+++ rCorr} (Trog gifted it to you in the
                  | Dungeon)
 13518 | D        | Received a gift from Trog
 13731 | D        | Lost mutation: You sometimes lose the ability to read
                  | scrolls when taking damage. [potion of mutation]
 13731 | D        | Lost mutation: You do not regenerate when monsters are
                  | visible. [potion of mutation]
 13731 | D        | Gained mutation: You are agile. (Dex +2) [potion of
                  | mutation]
 13731 | D        | Gained mutation: You are weak. (Str -2) [potion of
                  | mutation]
 13731 | D        | Gained mutation: You have an increased reservoir of magic.
                  | (+10% MP) [potion of mutation]
 13855 | D        | Noticed Mennas
 13864 | D        | Reached skill level 5 in Throwing
 13864 | D        | Reached XP level 17. HP: 139/139 MP: 18/18
 13907 | D        | Killed Mennas
 13908 | D        | Reached skill level 5 in Evocations
 14190 | D        | Received a gift from Trog
 14583 | D        | HP: 5/139 [pristine statue/silver javelin (2)]
 15565 | D        | Noticed a sphinx
 15565 | D        | Noticed a sphinx
 15575 | D        | Killed a sphinx
 15576 | D        | Paralysed by a sphinx for 7 turns
 15589 | D        | Killed a sphinx
 15918 | D        | Received a gift from Trog
 16347 | D        | Received a gift from Trog
 16603 | D        | Noticed a royal mummy
 16603 | D        | Noticed a royal mummy
 16606 | D        | Reached skill level 15 in Shields
 16871 | D        | Received a gift from Trog
 17152 | D        | HP: 3/208 [death scarab[a royal mummy] (21)]
 17153 | D        | Killed a royal mummy
 17161 | D        | Slain by a shadow wraith

Illustrated notes

Levels and vault maps discovered:
D:        dungeon_sprint_mu [sprint_mu_entry_cave, sprint_mu_temple_rooms,
          sprint_mu_d1_spiders, sprint_mu_d2_genie, sprint_mu_d3_branching,
          sprint_mu_orc_legion, sprint_mu_elf_gauntlet, sprint_mu_hive_nellie,
          sprint_mu_lair_fedhas, sprint_mu_vaults_butterflies,
          sprint_mu_slime_circle, sprint_mu_shoals_kraken,
          sprint_mu_snake_twists, sprint_mu_blade_basic, sprint_mu_crypt_lich,
          sprint_mu_tomb_spiral, sprint_mu_vestibule_basic,
          sprint_mu_gehenna_hellfire, sprint_mu_dis_giant,
          sprint_mu_tartarus_statrot, sprint_mu_cocytus_islands, sprint_mu_zot1]

Skill      XL: |  1  2  3  4  5  6  7  8  9 10 11 12 13 14 15 16 17 |
---------------+----------------------------------------------------+-----
Fighting       | 4 5 6 10 11 12 13 15 16 19 22 25 27 | 27.0
Maces & Flails | 4 5 6 10 11 13 15 17 19 21 23 25 27 | 27.0
Dodging        | 2 4 5 6 7 8 9 10 11 12 13 | 13.3
Armour         | 3 4 7 8 9 10 11 13 15 18 20 22 23 24 | 24.7
Stealth        | 1 2 3 4 5 6 8 9 |  9.7
Evocations     | 1 3 4 5 |  5.8
Throwing       | 1 2 3 4 5 |  5.6
Shields        | 4 8 11 12 17 | 17.1

Action                   |  1- 3 |  4- 6 |  7- 9 | 10-12 | 13-15 | 16-18 || total
-------------------------+-------+-------+-------+-------+-------+-------++-------
Melee: Mace              |    23 |    29 |    51 |       |       |       ||   103
       Punch             |       |     1 |     3 |       |       |       ||     4
       Great mace        |       |       |    33 |   341 |       |       ||   374
       Dire flail        |       |       |       |       |   643 |    66 ||   709
       Morningstar       |       |       |       |       |       |    89 ||    89
Throw: Javelin           |       |       |       |     2 |       |       ||     2
       Dart              |       |       |       |       |     9 |     1 ||    10
Invok: Berserk           |     2 |     2 |     6 |    10 |    15 |     7 ||    42
       Brothers in Arms  |       |       |       |       |     7 |     2 ||     9
       Trog's Hand       |       |       |       |       |       |     2 ||     2
Evoke: Phial of floods   |       |       |       |     1 |     1 |       ||     2
       Wand              |       |       |       |       |     2 |     2 ||     4
       Tin of tremorston |       |       |       |       |       |     4 ||     4
  Use: Potion            |     4 |       |       |     1 |     5 |    10 ||    20
       Scroll            |       |       |       |     5 |     7 |     2 ||    14
 Stab: Sleeping          |       |       |       |     2 |     1 |       ||     3
       Distracted        |       |       |       |       |     1 |     1 ||     2
Armor: Ring mail         |     5 |     6 |    15 |    11 |       |       ||    37
       Animal skin       |     1 |       |       |       |       |       ||     1
       Chain mail        |       |       |       |   191 |   282 |    94 ||   567
Dodge: Dodged            |     9 |     9 |    37 |   173 |   255 |    90 ||   573
Block: Other             |       |       |       |       |    81 |     8 ||    89
       Reflection        |       |       |       |       |     6 |     1 ||     7
       Tower shield      |       |       |       |       |       |   152 ||   152

Table legend: (Time is in decaauts) A = Elapsed time spent in this place. B = Non-inter-level travel time spent in this place. C = Inter-level travel time spent in this place. D = Time resting spent in this place. E = Time spent auto-exploring this place. F = Levels seen in this place. G = Mean time per level. A B C D E F G +--------+--------+--------+--------+--------+-----+--------+ Total | 17157 | 16840 | 317 | 11954 | 930 | 1 | 17157.0 | Dungeon | 17157 | 16840 | 317 | 11954 | 930 | 1 | 17157.0 | +--------+--------+--------+--------+--------+-----+--------+

Top non-repeatable levels by time:
       D: 17157 daAuts
